 Dungeon Crawl Stone Soup version 0.23.0-3-gf3c87f2 (webtiles) character file.

Game seed: 17927068991604865370

137 xccam the Insei (level 5, -4/33 HPs)
             Began as an Octopode Transmuter on Feb 21, 2019.
             Slain by a gnoll
             ... wielding a +0 flail
              (8 damage)
             ... on level 3 of the Dungeon.
             The game lasted 00:03:49 (2480 turns).

xccam the Insei (Octopode Transmuter)               Turns: 2480, Time: 00:03:50

Health: -4/33      AC:  1    Str: 10    XL:     5   Next: 20%
Magic:  7/8        EV: 13    Int: 15    God:
Gold:   117        SH:  0    Dex: 13    Spells: 7/8 levels left

rFire    . . .     SeeInvis .     - Unarmed
rCold    . . .     Gourm    .   (no shield)
rNeg     . . .     Faith    .   (helmet restricted)
rPois    .         Spirit   .   (no amulet)
rElec    .         Reflect  .   (no ring)
rCorr    .         Harm     .   (no ring)
MR       .....                  (no ring)
Stlth    ++........             (no ring)
HPRegen  0.11/turn              (no ring)
MPRegen  0.11/turn              (no ring)
                                (no ring)
                                (no ring)

@: appendage
A: almost no armour, stealthy swim, amphibious, 8 rings, constrict 8, tentacle
spike 3, camouflage 1, gelatinous body 1
a: End Transformation


You were on level 3 of the Dungeon.
You were not hungry.
One of your tentacles had a temporary spike.
You visited 1 branch of the dungeon, and saw 3 of its levels.

You collected 117 gold pieces.

Inventory:

Missiles
 a - 44 arrows
Wands
 l - a wand of flame (4)
Scrolls
 b - 3 scrolls of remove curse {unknown}
 e - 2 scrolls of teleportation {unknown}
 g - a scroll of amnesia {unknown}
 h - a scroll of identify {unknown}
 j - a scroll of blinking {unknown}
 k - a scroll of fear {unknown}
Potions
 d - a potion of flight {unknown}
 f - a potion of heal wounds
 i - a potion of agility {unknown}
Comestibles
 c - a ration
 m - 3 chunks of flesh


   Skills:
 - Level 1.0 Fighting
 - Level 2.0 Dodging
 + Level 5.7 Unarmed Combat
 - Level 2.0 Spellcasting
 - Level 2.0 Transmutations


You had 7 spell levels left.
You knew the following spells:

 Your Spells              Type           Power        Failure   Level  Hunger
a - Beastly Appendage     Tmut           #.....       10%         1    #......

Your spell library contained the following spells:

 Spells                   Type           Power        Failure   Level  Hunger
 Sticks to Snakes         Tmut           #.......     14%         2    ###....
 Spider Form              Tmut/Pois      #.........   41%         3    ###....
 Ice Form                 Ice/Tmut       #.......     82%         4    #####..
 Blade Hands              Tmut           #.........   95%         5    ######.


Dungeon Overview and Level Annotations

Branches:
Dungeon (3/15)

Altars:


Innate Abilities, Weirdness & Mutations

You cannot wear most types of armour.
You are very stealthy in the water. (Stealth+)
You are amphibious.
You can wear up to eight rings at the same time.
You can use your tentacles to constrict eight enemies at once.
Your skin changes colour to match your surroundings (Stealth+).
Your rubbery body absorbs attacks. (AC +1, EV +1)
One of your tentacles bears a large vicious spike.


Message History

Unknown command.
You tentacle-slap the gnoll sergeant. You grab the gnoll sergeant.
Your tentacle spike misses the gnoll sergeant.
The gnoll sergeant is moderately wounded.
You constrict the gnoll sergeant, but do no damage.
The gnoll hits you from afar with a +0 spear.
You tentacle-slap the gnoll sergeant but do no damage.
The gnoll sergeant is moderately wounded.
You constrict the gnoll sergeant, but do no damage.
The gnoll sergeant hits you but does no damage.
The gnoll closely misses you.
The gnoll hits you from afar with a +0 spear!
* * * LOW HITPOINT WARNING * * *
You tentacle-slap the gnoll sergeant but do no damage.
You pierce the gnoll sergeant.
The gnoll sergeant is moderately wounded.
You constrict the gnoll sergeant, but do no damage.
The gnoll sergeant completely misses you.
The gnoll hits you with a +0 flail!
You die...

#########.#
#.......#.#
#.#####.#.#
####.#...#.#.#
#....#.....#.#
#.######.###.#
#(..(..†.....####
#.....##.#......####
'.....'..'.....g@g.#
#.....##.#......##g#
....÷.##.#####)..#.#
#.#....#.# #.#.#.#
#.#.##.#.# #.#.#.#
#.#.##.#.### #.#.#g#
#.#(##.#.#.. #.#.#.#
#.#(##.#.#.# #.###g#
#.#.##.#.#.. #.. .).


You could see a gnoll sergeant and 2 gnolls.

Vanquished Creatures
  Crazy Yiuf (D:2)
  2 adders (D:2)
  3 gnolls
  An ooze (D:2)
  5 worms
  A dart slug (D:1)
  A ball python (D:2)
  3 giant cockroaches
  2 hobgoblins (D:1)
  4 kobolds
  A quokka (D:2)
  9 bats
  2 frilled lizards
  7 goblins
  7 rats
49 creatures vanquished.

Notes
Turn   | Place    | Note
-------+----------+-------------------------------------------
     0 | D:1      | xccam the Octopode Transmuter began the quest for the Orb.
     0 | D:1      | Reached XP level 1. HP: 13/13 MP: 3/3
   324 | D:1      | Reached XP level 2. HP: 18/18 MP: 5/5
   422 | D:1      | Reached skill level 4 in Unarmed Combat
   727 | D:1      | Reached XP level 3. HP: 23/23 MP: 6/6
  1409 | D:2      | Reached XP level 4. HP: 14/28 MP: 5/7
  1705 | D:2      | Found a runed translucent door.
  1706 | D:2      | Noticed Crazy Yiuf
  1782 | D:2      | Reached skill level 5 in Unarmed Combat
  2335 | D:2      | Killed Crazy Yiuf
  2406 | D:3      | Reached XP level 5. HP: 24/33 MP: 8/8
  2480 | D:3      | Slain by a gnoll

Skill      XL: |  1  2  3  4 |
---------------+-------------+-----
Unarmed Combat | 4 5 |  5.7
Fighting       | |  1.0
Dodging        | |  2.0
Spellcasting   | |  2.0
Transmutations | |  2.0

Action                   |  1- 3 |  4- 6 || total
-------------------------+-------+-------++-------
Melee: Unarmed           |    68 |    43 ||   111
       Tentacles         |    14 |     5 ||    19
       Constrict         |    18 |    13 ||    31
       Punch             |     1 |     1 ||     2
       Kick              |     5 |     5 ||    10
 Cast: Beastly Appendage |     4 |     4 ||     8
Evoke: Wand              |       |     6 ||     6
  Use: Potion            |       |     1 ||     1
 Stab: Sleeping          |     4 |     4 ||     8
  Eat: Chunk             |     1 |     4 ||     5
Armor: Skin              |     5 |       ||     5
Dodge: Dodged            |    41 |    28 ||    69
